 Dungeon Crawl Stone Soup version 0.29.1-1-gd02db6906a (webtiles) character file.

Game seed: 11952433162200680322

107 Godmorgon the Conjurer (level 4, -4/24 HPs)
             Began as a Tengu Conjurer on Oct 13, 2022.
             Killed from afar by a charred statue (10 damage)
             ... with a puff of flame
             ... on level 3 of the Dungeon.
             The game lasted 00:11:09 (3111 turns).

Godmorgon the Conjurer (Tengu Conjurer)             Turns: 3111, Time: 00:11:09

Health: -4/24      AC:  3    Str:  7    XL:     4   Next: 85%
Magic:  4/9        EV: 12    Int: 20    God:
Gold:   174        SH:  0    Dex: 13    Spells: 6/9 levels left

rFire   . . .      SeeInvis .   a - +0 dagger
rCold   . . .      Faith    .   (no shield)
rNeg    . . .      Spirit   .   f - +0 robe
rPois   .          Reflect  .   (helmet restricted)
rElec   .          Harm     .   (no cloak)
rCorr   +          Rampage  .   o - +0 pair of gloves
Will    .....                   (boots unavailable)
Stlth   ++........              (no amulet)
HPRegen 0.08/turn               c - ring of resist corrosion
MPRegen 0.11/turn               n - ring of flight

@: flying
A: beak, talons 3
a: no special abilities


You were on level 3 of the Dungeon.
You visited 1 branch of the dungeon, and saw 3 of its levels.

You collected 174 gold pieces.

Inventory:

Hand Weapons
 a - a +0 dagger (weapon)
Armour
 f - a +0 robe (worn)
 o - a +0 pair of gloves (worn)
Jewellery
 c - a ring of resist corrosion (left hand)
 n - a ring of flight (right hand)
Scrolls
 e - 2 scrolls of vulnerability
 i - 2 scrolls of blinking
 l - a scroll of enchant weapon {unknown}
Potions
 b - a potion of magic
 g - a potion of mutation
 h - a potion of ambrosia
 k - a potion of invisibility {unknown}
 m - a potion of curing {unknown}


   Skills:
 - Level 2.1 Dodging
 - Level 2.0 Stealth
 + Level 3.0 Spellcasting
 * Level 7.2 Conjurations


You had 6 spell levels left.
You knew the following spells:

 Your Spells              Type           Power      Damage    Failure   Level
d - Magic Dart            Conj           100%       1d8       1%          1
s - Searing Ray           Conj           64%        2d6       1%          2

Your spell library contained the following spells:

 Spells                   Type           Power      Damage    Failure   Level
 Dazzling Flash           Conj/Hex       34%        N/A       10%         3
 Ensorcelled Hibernation  Hex/Ice        6%         N/A       22%         2
 Fulminant Prism          Conj/Hex       8%         3d7       32%         4
 Iskenderun's Mystic Bla  Conj/Tloc      17%        2d5       32%         4
 Spider Form              Tmut/Pois      3%         N/A       38%         3
 Anguish                  Hex/Necr       1%         N/A       80%         4


Dungeon Overview and Level Annotations

Branches:
Dungeon (3/15)

Altars:
Fedhas
Kikubaaqudgha
Vehumet

Annotations:
D:3 exclusion: statue


Innate Abilities, Weirdness & Mutations

You have a beak for a mouth.
You have claws for feet.


Message History

Found a stone staircase leading down.
Found a dagger.
There is a stone staircase leading down here.
You pick up a book of Dreams and begin reading...
You add the spells Ensorcelled Hibernation, Spider Form and Anguish to your library.
d - a scroll of identify
Found a mace.
As you read the scroll of identify, it crumbles to dust.
i - 2 scrolls of blinking Partly explored, can't reach some places.
You see here a +0 dagger.
There is a stone staircase leading down here.
You see here a +0 leather armour.
Okay, then.
Okay, then.
Really fly into a travel-excluded area?
The charred statue gestures at you. The puff of flame hits you.
Casting: Searing Ray (safe; 1% risk of failure)
Confirm with . or Enter, or press ? or * to list all spells.
Aiming: Searing Ray (safe; 1% risk of failure)
Press: ? - help, Shift-Dir - straight line, f - charred statue
Aim: a charred statue (100% to hit)
The searing ray hits the charred statue!
The charred statue is heavily damaged. (Press . to maintain the ray.)
The searing ray hits the charred statue but does no damage.
The charred statue is heavily damaged.
The charred statue gestures at you. The puff of flame hits you!
Ouch! That really hurt!
* * * LOW HITPOINT WARNING * * *
The searing ray hits the charred statue but does no damage.
The charred statue is heavily damaged.
The searing ray hits the charred statue but does no damage.
The charred statue is heavily damaged.
You finish channelling your searing ray.
The charred statue gestures at you. The puff of flame hits you!
You die...

#.# ###.##### #.# #.......# #.#
####### #.#.###.# ####.####
#.....#####.#..##.#
#.......####.....#........##.#
#...........!.......##.......#
#.##.#....#########.#####.####
#.##.#...)#.......#.##....#
#.##.#....#.8._@....##.##.#
#.##.#....#.......#.......#
#.........#########....####
####.###...............#
#.###....##########.#
#####.....#..# #.#
...######....##########.#########
.....# ##.#.##.....[...##.......
.....# #......##########.......


You could see a charred statue.

Vanquished Creatures
  3 gnolls (D:3)
  2 adders
  A worm (D:2)
  2 dart slugs
  A ball python (D:1)
  4 endoplasms (D:1)
  2 giant cockroaches
  7 goblins
  A hobgoblin (D:2)
  3 jackals (D:2)
  9 kobolds
  7 quokkas
  2 bats
  2 frilled lizards
  5 rats (D:1)
51 creatures vanquished.

Notes
Turn   | Place    | Note
-------+----------+-------------------------------------------
     0 | D:1      | Godmorgon the Tengu Conjurer began the quest for the Orb.
     0 | D:1      | Reached XP level 1. HP: 10/10 MP: 4/4
   286 | D:1      | Reached XP level 2. HP: 15/15 MP: 4/6
   289 | D:1      | Learned a level 2 spell: Searing Ray
   418 | D:1      | Found a faded altar of an unknown god.
   486 | D:1      | Reached skill level 6 in Conjurations
   690 | D:1      | You fall into a shaft and drop 1 floor!
   733 | D:2      | Reached XP level 3. HP: 19/19 MP: 4/7
  1876 | D:2      | Reached XP level 4. HP: 24/24 MP: 7/9
  2215 | D:3      | Reached skill level 7 in Conjurations
  2312 | D:3      | Found a blossoming altar of Fedhas.
  2484 | D:3      | Found an ancient bone altar of Kikubaaqudgha.
  2746 | D:3      | Found a radiant altar of Vehumet.
  2746 | D:3      | Noticed a charred statue
  3111 | D:3      | Killed from afar by a charred statue

Illustrated notes

Levels and vault maps discovered:
D:1:      lemuel_arrival_behind_the_door_large, layout_loops_ring,
          hellmonk_ecumenical_altar_zigzags, minmay_tromino_mix6
D:2:      layout_basic, minmay_3d_cube
D:3:      layout_loops_cross, fedhas_altar_1, mainiacjoe_overflow_chevrons,
          vehumet_statue

Skill      XL: |  1  2  3  4 |
---------------+-------------+-----
Conjurations   | 6 7 |  7.2
Spellcasting   | 3 |  3.0
Dodging        | |  2.1
Stealth        | |  2.0

Action                   |  1- 3 |  4- 6 || total
-------------------------+-------+-------++-------
Melee: Unarmed           |     4 |       ||     4
       Kick              |     2 |     2 ||     4
       Dagger            |     8 |     5 ||    13
       Peck              |     1 |     2 ||     3
 Cast: Magic Dart        |    50 |     3 ||    53
       Searing Ray       |    10 |    10 ||    20
  Use: Scroll            |       |     5 ||     5
 Stab: Sleeping          |     1 |       ||     1
Armor: Robe              |     1 |     1 ||     2
Dodge: Dodged            |     8 |     5 ||    13
